Cogmind - Beta 10.2 @@@ ROGUE MODE // 2020.11.02 @ 17:21:23 Player: Raragi Result: Destroyed by Y-45 Defender with Heavy Assault Rifle Performance ------------- Evolutions (1) 500 Regions Visited (3) 600 Robots Destroyed (27) 135 Value Destroyed (423) 423 Prototype IDs (0) 0 Alien Tech Used (0) 0 Bonus (0) 0 TOTAL SCORE: 1658 Bonus ------- None Cogmind --------- Core Integrity 0/400 Matter 45/300 Energy 100/100 System Corruption 1% Temperature Cool (18) Movement Core (50) Location -9/Storage Parts ------- > --- POWER (1) -------- (None) > --- PROPULSION (3) --- (None) > --- UTILITY (3) ------ (None) > --- WEAPON (2) ------- (None) > --- INVENTORY (4) ---- Aluminum Leg ECM Suite Light Assault Rifle Mini Grenade Launcher Peak State ------------ > --- POWER ------------ Ion Engine > --- PROPULSION ------- Aluminum Leg VTOL Module VTOL Module > --- UTILITY ---------- Heat Sink Heat Sink Hacking Suite > --- WEAPON ----------- Light Assault Rifle Heavy Assault Rifle > --- INVENTORY -------- Aluminum Leg ECM Suite Light Assault Rifle Mini Grenade Launcher [Rating: 14] Favorites ----------- Power Light Ion Engine Engine Light Ion Engine Propulsion Aluminum Leg Leg Aluminum Leg Flight Unit VTOL Module Utility Heat Sink Device Heat Sink Storage High-capacity Storage Unit Hackware Hacking Suite Protection Propulsion Shielding Weapon Assault Rifle Ballistic Gun Assault Rifle Launcher Grenade Launcher Build | -11 -10 -9 -9 ------- Run | Scr Mat Mat Sto Slots Evolved 2 | . . 2 . Power . | . . . . Propulsion 1 | . . 1 . Utility 1 | . . 1 . Weapon . | . . . . Parts Attached 38 | 5 16 17 . Power 8 | 1 4 3 . Engine 8 | 1 4 3 . Core . | . . . . Reactor . | . . . . Propulsion 11 | 2 3 6 . Treads . | . . . . Leg 8 | 2 3 3 . Wheel . | . . . . Hover . | . . . . Flight 3 | . . 3 . Utility 7 | . 5 2 . Device 2 | . . 2 . Storage 2 | . 2 . . Processor . | . . . . Hackware 1 | . 1 . . Protection 2 | . 2 . . Artifact . | . . . . Weapon 12 | 2 4 6 . Energy Gun . | . . . . Energy Cannon . | . . . . Ballistic Gun 9 | 2 2 5 . Ballistic Cannon . | . . . . Launcher 3 | . 2 1 . Special Weapon . | . . . . Impact Weapon . | . . . . Slashing Weapon . | . . . . Piercing Weapon . | . . . . Special Melee Weapon . | . . . . Unidentified Prototypes . | . . . . Parts Lost 15 | . . 6 9 Power 1 | . . . 1 Propulsion 6 | . . 3 3 Utility 4 | . . 1 3 Weapon 4 | . . 2 2 Highest Loss Streak 9 | . . 5 9 Average Slot Usage (%) 89 | . 95 88 64 Engine 12 | . 13 11 7 Leg 21 | . 28 17 . Flight 4 | . . 7 17 Device 8 | . . 15 14 Storage 4 | . 9 . . Hackware 5 | . . 11 9 Protection 8 | . 14 4 . Ballistic Gun 22 | . 26 20 15 Launcher 1 | . 1 . . Naked Turns 3 | . . . 3 Heaviest Build 41 | 7 41 12 11 Greatest Support 30 | 20 20 30 14 Greatest Overweight (x) 3 | . 2 3 . Average Overweight (x) . | . . . . Largest Inventory Capacity 12 | 4 12 4 4 Average Capacity 5 | 4 6 4 4 Most Carried 4 | 1 4 4 4 Average Carried 3 | . 3 3 4 Final Capacity 4 | 4 4 4 4 Final Carried 4 | 1 4 4 4 Class Distribution -------------------- 59% | Mutant 40% | Scavenger-Mutant Dominant Class ---------------- Mutant | -10/Materials Scavenger-Mutant | -9/Materials Mutant | -9/Storage Resources | -11 -10 -9 -9 ----------- Run | Scr Mat Mat Sto Matter Collected 610 | 298 156 156 . Remotely . | . . . . Salvage Created 525 | 48 242 235 . Parts 43 | . 24 19 . Haulers Intercepted . | . . . . Recyclers Shooed 2 | . 1 1 . Parts Field Recycled . | . . . . Retrieved Matter . | . . . . Parts Self-Destructed . | . . . . Prevented . | . . . . Kills | -11 -10 -9 -9 ------- Run | Scr Mat Mat Sto Combat Hostiles Destroyed 18 | 1 8 9 . Guns 13 | 1 4 8 . AOE 5 | . 4 1 . Classes Destroyed 7 | 1 4 2 . Worker 3 | . . 3 . Builder 2 | . 2 . . Recycler 3 | . 2 1 . Operator 1 | . 1 . . Swarmer 12 | . 6 6 . Grunt 4 | 1 2 1 . Sentry 2 | . . 2 . Best Kill Streak 11 | 1 11 7 . Combat Bots Only 3 | 1 3 3 . Max Kills in Single Turn 3 | 1 3 2 . Gunslinging . | . . . . Exploded 3 | . 3 1 . Melee . | . . . . Uniques/NPCs Destroyed . | . . . . Combat | -11 -10 -9 -9 -------- Run | Scr Mat Mat Sto Damage Taken 1717 | 92 164 793 668 Core 441 | 12 22 80 327 Absorbed by Shields . | . . . . Core Remaining (%) 90 | 95 86 . . Volleys Fired 66 | 8 14 44 . Largest 2 | 2 2 2 . Hottest 50 | 40 50 50 . Shots Fired 114 | 16 27 71 . Gun 106 | 16 24 66 . Cannon . | . . . . Launcher 8 | . 3 5 . Special . | . . . . Kinetic 106 | 16 24 66 . Thermal . | . . . . Explosive 8 | . 3 5 . Electromagnetic . | . . . . Robot Hit Streak 13 | 8 5 13 . Robot Miss Streak 4 | 3 1 4 . Penetration Max . | . . . . Secondary Targets . | . . . . Shots Hit Robots 71 | 10 16 45 . Core Hits 45 | 2 18 25 . Critical Hits 2 | . . 2 . Critical Kills 1 | . . 1 . Critical Parts Destroyed 1 | . . 1 . Melee Attacks . | . . . . Impact . | . . . . Slashing . | . . . . Piercing . | . . . . Sneak Attacks . | . . . . Combat Hostiles . | . . . . Follow-up Attacks . | . . . . Damage Inflicted 1764 | 112 827 825 . Guns 804 | 112 176 516 . Cannons . | . . . . Explosions 960 | . 651 309 . Melee . | . . . . Ramming . | . . . . Kinetic 804 | 112 176 516 . Thermal 190 | . 190 . . Explosive 770 | . 461 309 . Electromagnetic . | . . . . Impact . | . . . . Slashing . | . . . . Piercing . | . . . . Highest Corruption 1 | . 1 . 1 Average Corruption 1 | . 1 . 1 Corruption Purged . | . . . . Overload Shots . | . . . . Overflow Damage 91 | . 81 10 . Projectiles . | . . . . Explosions 91 | . 81 10 . Melee . | . . . . Knockbacks . | . . . . Impact . | . . . . Kinetic . | . . . . Secondary . | . . . . Self-Inflicted Damage 112 | . . 112 . Shots 5 | . . 5 . Rammed 1 | . . 1 . Targets Rammed 1 | . . 1 . Kicked . | . . . . Crushed . | . . . . Highest Temperature . | . . . . Average Temperature . | . . . . Received Heat Transfer 369 | 48 6 87 228 Siege Activations . | . . . . Robots Corrupted . | . . . . Combat Hostiles . | . . . . Parts Fried . | . . . . Impact Corruptions . | . . . . Robots Melted . | . . . . Combat Hostiles . | . . . . Parts Melted . | . . . . Heat Transferred 150 | . 150 . . Parts Sabotaged . | . . . . Parts Stolen . | . . . . Parts Stripped . | . . . . Power Chain Reactions . | . . . . Missiles Intercepted . | . . . . Alert | -11 -10 -9 -9 ------- Run | Scr Mat Mat Sto Peak Influence 299 | 20 223 299 183 Initial 126 | . 13 34 126 Average 146 | 1 133 195 151 Maximum Alert Level 1 | . 1 1 . Low Security (%) 51 | 100 50 33 100 Level 1 48 | . 49 66 . Level 2 . | . . . . Level 3 . | . . . . Level 4 . | . . . . Level 5 . | . . . . High Security . | . . . . Max Security . | . . . . Squads Dispatched 4 | . 1 1 2 Investigation 3 | . 1 1 1 Extermination . | . . . . Reinforcement 1 | . . . 1 Assault . | . . . . Garrison . | . . . . Intercept . | . . . . Construction Impeded . | . . . . Haulers Reinforced . | . . . . Stealth | -11 -10 -9 -9 --------- Run | Scr Mat Mat Sto Distress Signals 2 | . 1 1 . Communications Jammed . | . . . . Distress Signals . | . . . . Times Spotted 34 | 1 12 13 8 Peak Tracking Total 8 | 1 4 4 8 Tactical Retreats . | . . . . Traps | -11 -10 -9 -9 ------- Run | Scr Mat Mat Sto Traps Triggered 3 | . 3 . . Indirectly . | . . . . Trap Hack Attempts . | . . . . Triggered . | . . . . Disarmed . | . . . . Reprogrammed . | . . . . Reused . | . . . . Traps Extracted . | . . . . Installed . | . . . . Triggered . | . . . . Machines | -11 -10 -9 -9 ---------- Run | Scr Mat Mat Sto Machines Disabled 3 | . 2 1 . Max in Single Turn 2 | . 2 1 . Machines Sabotaged . | . . . . Garrisons Compromised . | . . . . Overloaded Fab Kills . | . . . . Fab Network Shutdowns . | . . . . Hacking | -11 -10 -9 -9 --------- Run | Scr Mat Mat Sto Machines Accessed 5 | . 1 1 3 Terminals 4 | . 1 . 3 Fabricators . | . . . . Repair Stations . | . . . . Recycling Units 1 | . . 1 . Scanalyzers . | . . . . Garrison Access . | . . . . Total Hacks 19 | . 3 4 12 Successful 12 | . 1 3 8 Failed 7 | . 2 1 4 Catastrophic . | . . . . Database Lockouts . | . . . . Manual 3 | . . . 3 Terminals 15 | . 3 . 12 Fabricators . | . . . . Repair Stations . | . . . . Recycling Units 4 | . . 4 . Scanalyzers . | . . . . Garrison Access . | . . . . Terminal Hacks 7 | . 1 . 6 Record 5 | . 1 . 4 Robot Analysis 1 | . . . 1 Zone Layout 1 | . . . 1 Fabricator Hacks . | . . . . Repair Station Hacks . | . . . . Recycling Unit Hacks 3 | . . 3 . Process 1 | . . 1 . Report Inventory 1 | . . 1 . Retrieve Matter 1 | . . 1 . Scanalyzer . | . . . . Garrison Access Hacks . | . . . . Unauthorized Hacks 2 | . . . 2 Terminals 2 | . . . 2 Botnet 2 | . . . 2 Fabricators . | . . . . Repair Stations . | . . . . Recycling Units . | . . . . Scanalyzers . | . . . . Garrison Access . | . . . . Data Cores Recovered . | . . . . Used . | . . . . Hacking Detections 4 | . 1 1 2 Full Trace Events 4 | . 1 1 2 Feedback Events 1 | . . . 1 Corruption 1 | . . . 1 Feedback Blocked . | . . . . Robot Schematics Acquired . | . . . . Robots Built . | . . . . Matter . | . . . . Time . | . . . . Total Robot Build Rating . | . . . . Part Schematics Acquired . | . . . . Parts Built . | . . . . Matter . | . . . . Time . | . . . . Total Part Build Rating . | . . . . Parts Repaired . | . . . . Time . | . . . . Parts Recycled . | . . . . Recycled Matter 1 | . . 1 . Retrieved Matter . | . . . . Retrieved Components . | . . . . Parts Scanalyzed . | . . . . Part Schematics Acquired . | . . . . Parts Damaged . | . . . . Bothacking | -11 -10 -9 -9 ------------ Run | Scr Mat Mat Sto Used RIF Installer . | . . . . Robots Hacked . | . . . . Non-combat . | . . . . Combat . | . . . . Robot Hacks Applied . | . . . . Relay Couplers Released . | . . . . Robots Rewired . | . . . . Allies Hacked . | . . . . Hacks Repelled . | . . . . Allies | -11 -10 -9 -9 -------- Run | Scr Mat Mat Sto Total Allies . | . . . . Largest Group . | . . . . Highest-Rated Group . | . . . . Highest-Rated Ally . | . . . . Total Orders . | . . . . Ally Attacks . | . . . . Total Damage . | . . . . Kills . | . . . . Allies Corrupted . | . . . . Allies Melted . | . . . . Intel | -11 -10 -9 -9 ------- Run | Scr Mat Mat Sto Robot Analysis Total 1 | . . . 1 Derelict Logs Recovered . | . . . . Drone Launches . | . . . . Drone Recoveries . | . . . . Exploration | -11 -10 -9 -9 ------------- Run | Scr Mat Mat Sto Turns Passed 981 | 94 432 386 69 Spaces Moved 610 | 62 277 196 75 Core 49 | 17 . 32 . Treads . | . . . . Legs 396 | 45 277 74 . Wheels . | . . . . Hover . | . . . . Flight 165 | . . 90 75 Fastest Speed 34 | 50 120 34 34 Average Speed 106 | 100 127 105 34 Slowest Speed 200 | 120 180 200 37 Overloaded Moves . | . . . . Propulsion Burnouts . | . . . . Robots Hopped 2 | . . 2 . Cave-ins Triggered . | . . . . Exploration Rate (%) 24 | 7 53 20 19 Regions Visited 3 Branch Regions 1 Pre-discovered Areas . | . . . . Known Exits Taken . | . . . . Unknown Exits Taken 3 | 1 1 1 . Scrap Searched . | . . . . Spaces Dug . | . . . . Terrain Destroyed 32 | . 14 18 . Melee . | . . . . Projectile . | . . . . AOE 32 | . 14 18 . Terrain Rammed . | . . . . Walls Destroyed . | . . . . Machines Disabled . | . . . . Actions | -11 -10 -9 -9 --------- Run | Scr Mat Mat Sto Total 827 | 75 330 303 119 Wait 85 | . 4 37 44 Move 603 | 61 276 191 75 Hop 2 | . . 2 . Pick Up 8 | 1 5 2 . Fast Attach 19 | 5 6 8 . Attach 8 | . 5 3 . Detach 7 | . 6 1 . Swap 11 | . 5 6 . Drop 17 | . 9 8 . Fire 66 | 8 14 44 . Melee . | . . . . Ram 1 | . . 1 . Kick . | . . . . Crush . | . . . . Escape Stasis . | . . . . Rewire . | . . . . Trap . | . . . . Miscellaneous . | . . . . Route ------- -11/Scrapyard -10/Materials (discovered 2 exits: *Mat / [*Min]) -9/Materials (discovered 2 exits: *Sto x2) -9/Storage History --------- Turn | Location | Event 2 | -11/Scrapyard | Met Revision 17 59 | -11/Scrapyard | Discovered new exit (range 8) 95 | -11/Scrapyard | Entered Materials 287 | -10/Materials | Discovered new exit (range 15) 366 | -10/Materials | Build established: Mutant 478 | -10/Materials | Discovered new exit (range 15) 527 | -10/Materials | Entered another Materials area 527 | -9/Materials | Evolved 2 slots: Propulsion x1, Utility x1 528 | -9/Materials | Discovered new exit (range 8) 735 | -9/Materials | Lost 5 parts (3n1u1w) 857 | -9/Materials | Build established: Scavenger-Mutant 881 | -9/Materials | Discovered new exit (range 7) 913 | -9/Materials | Entered Storage 971 | -9/Storage | Core integrity fell below 50% 980 | -9/Storage | Core integrity fell below 20% 982 | -9/Storage | Destroyed by Y-45 Defender with Heavy Assault Rifle Last Messages --------------- malfunction and component deterioration are beyond the scope of repair. Advanced repair stations can complete complex tasks more quickly. >>Analysis(T-07 Excavator) Downloading analysis... T-07 Excavator Tier: 1 T-class tunnelers analyze subsurface integrity and open new areas for expansion. 00929_ ALERT: Hostiles spotted, dispatching reinforcements to Terminal S013. 00939_ Flight Unit destroyed. 00947_ Heat Sink destroyed. 00955_ Lgt. Assault Rifle destroyed. 00955_ VTOL Module destroyed. 00961_ Ion Engine destroyed. 00967_ VTOL Module destroyed. 00970_ U-05 Engineer builds a Door. 00976_ Hvy. Assault Rifle destroyed. 00976_ Hacking Suite destroyed. 00979_ Heat Sink destroyed. Map ----- +----------------------------------------------------+ | | | | | | | ?????????????????????????????????????????????????? | | ?????????????????????????????????????????????????? | | ?????????????????????????????????????????????????? | | ?????????????????????????????????????????????????? | | ?????????????????????????????????????????????????? | | ????????????????????????????????????????????###### | | ???????????????????????????????????????????? | | ?????????????????????###########???????????? | | ?????????????????????# #???????????? """"" | | ?????????????????????#"""" #??????????## """"" | | ?????????????????????#"""" #??????????? """"" | | ?????????????????????#"""" #???????????# | | ?????????????????#???#"""" #???????????# """"" | | ?????????????????# ??# #???????????# """"" | | ?????????????????# ?# #???????????# """"" | | ????????????????## ## #???????????# | | ????????????????# ##+######+############# | | ????????????????+ ####+## | | ????????????????# T" | | ????????????????# ##Y############## " | | ????????????????###### Y #?????# | | ?????????????????????# """ ##?????# ##""T"" | | ?????????????????????# @""" #??????## ###""""" | | ?????????????????????# """ #???????# #?###### | | ?????????????????????#[[! #???????# #??????? | | ?????????????????????#[!! """ #???????# #??????? | | ?????????????????????#[!% """ #???????# #??????? | | ?????????????????????# """ #???????# #??????? | | ?????????????????????# #???????# #??????? | | ?????????????????????###/####?????????# #??????? | | ???????????????????????#g?????????????# #??????? | | ???????????????????????# ?????????????# #??????? | | ???????????????????????#g?????????????# ???????? | | ???????????????????????g ??????????????? ????????? | | ??????????????????????? ????????????????????????? | | ??????????????????????? u????????????????????????? | | ???????????????????????u ????????????????????????? | | ???????????????????????#?????????????????????????? | | ?????????????????????????????????????????????????? | | ?????????????????????????????????????????????????? | | ?????????????????????????????????????????????????? | | ?????????????????????????????????????????????????? | | ?????????????????????????????????????????????????? | | ?????????????????????????????????????????????????? | | ?????????????????????????????????????????????????? | | ?????????????????????????????????????????????????? | | ?????????????????????????????????????????????????? | +----------------------------------------------------+ Best States ------------- Heat Dissipation 48 Energy Generation 10 Energy Capacity 250 Matter Stores 300 Matter Capacity 300 Sight Range 16 Terrain Scan Density 10 Propulsion Shielding 33 Evasion (%) 63 Offensive Hacking 10 Item Schematics ----------------- None Robot Schematics ------------------ None Fabricated ------------ Nothing Alien Tech Used ----------------- None Achievements -------------- Oops True Hacker Challenges ------------ None Game ------ Seed FactoryStasisWeb Manual? 0 Play Time 00:19:23 Cumulative 0.7 hours Start 2020.11.02 @ 17:01:18 End 2020.11.02 @ 17:21:23 Sessions 1 Manual Loads 0 Difficulty Rogue Special Mode None Game No. 2 Rogue 2 Adventurer 0 Explorer 0 Win Type - Total 0 Types 0/0/0/0/0/0/0/0/0 Lore% 1 Gallery% 2 Achievement% 3 Wizard Run 0 Options --------- ASCII 1 Keyboard 1 Movement Numpad Keybinds 0 Fullscreen 1 Font 18/SmallcapsGlow Map View 76x50 Tactical HUD 1 Map Filters NONE Filters NONE Steam 1 RUN: 3de5ddbc-7cc7-4562-9871-a18e3a95a1c6